 Dungeon Crawl Stone Soup version 0.20.0-15-g7f486f2 (webtiles) character file.

51 robba the Digger (level 3, -5/31 HPs)
             Began as a Troll Earth Elementalist on July 1, 2017.
             Slain by Natasha (9 damage)
             ... on level 2 of the Dungeon.
             The game lasted 00:09:26 (1196 turns).

robba the Digger (Troll Earth Elementalist)         Turns: 1196, Time: 00:09:27

Health: -5/31      AC:  5    Str: 16    XL:     3   Next: 58%
Magic:  3/4        EV: 10    Int: 12    God:
Gold:   27         SH:  0    Dex: 10    Spells: 1/5 levels left

rFire    . . .     SeeInvis .     - Unarmed
rCold    . . .     Gourm    +   (no shield)
rNeg     . . .     Faith    .   c - +0 robe
rPois    .         Spirit   .   (helmet restricted)
rElec    .         Reflect  .   (no cloak)
rCorr    .         Harm     .   (gloves unavailable)
MR       .....                  (boots unavailable)
Stlth    +.........             (no amulet)
Regen    0.5/turn               (no ring)
MPRegen  0.1/turn               (no ring)

@: no status effects
A: unfitting armour, claws 3, fast metabolism 3, gourmand, regeneration 1,
shaggy fur 1, tough skin 2
a: no special abilities


You were on level 2 of the Dungeon.
You were full.

You visited 1 branch of the dungeon, and saw 2 of its levels.

You collected 27 gold pieces.

Inventory:

Missiles
 b - 15 stones (quivered)
Armour
 c - a +0 robe (worn)
Scrolls
 g - a scroll of noise {unknown}
Potions
 f - a potion of curing {unknown}
Books
 e - a book of Geomancy

   Spells                             Type                      Level
   a - Sandblast                      Earth                        1
   b - Passwall                       Transmutation/Earth          2
   c - Stone Arrow                    Conjuration/Earth            3
   d - Petrify                        Transmutation/Earth          4
   e - Lee's Rapid Deconstruction     Earth                        5
Comestibles
 d - 2 bread rations


   Skills:
 + Level 2.0 Dodging
 + Level 1.1 Stealth
 + Level 1.1 Unarmed Combat
 + Level 1.5 Spellcasting
   Level 0.6 Transmutations
 + Level 3.3 Earth Magic


You had one spell level left.
You knew the following spells:

 Your Spells              Type           Power        Failure   Level  Hunger
a - Sandblast             Erth           #.....       8%          1    ##.....
b - Stone Arrow           Conj/Erth      #.....       41%         3    ####...


Dungeon Overview and Level Annotations

Branches:
Dungeon (2/15)

Altars:

Annotations:
D:2 Natasha


Innate Abilities, Weirdness & Mutations

You are too large for most types of armour.
You have claws for hands.
Your metabolism is lightning-fast.
You like to eat raw meat.
Your natural rate of healing is unusually fast.
You are covered in fur. (AC +1)
You have very tough skin. (AC +2)


Message History

The crimson imp hits you but does no damage.
Natasha claws you but does no damage.
The crimson imp shouts, "Quit, thou pottle-deep spleeny tinkerer!"
The crimson imp hits you but does no damage.
You feel less wooden.
Your +0 robe unmelds from your body.
Natasha claws you. The crimson imp hits you.
Natasha stares at you and mumbles some strange words.
You resist with significant effort. The crimson imp barely misses you.
Natasha claws you. The crimson imp hits you. Natasha completely misses you.
The crimson imp barely misses you. Natasha claws you.
* * * LOW HITPOINT WARNING * * *
The crimson imp hits you but does no damage.
Natasha casts a spell at you. The magic dart hits you!
* * * LOW HITPOINT WARNING * * *
The crimson imp blinks!
Natasha claws you!
You die...

..............
.............#
.......%.....#
............##.
#.5...........
.# #..[.......#
.# #.....h....#
.# #....@..#
.## #...<...#
..# #########
..# .. ..##..
......
.........
.........
.........


You could see Natasha and a crimson imp.

Vanquished Creatures
  Natasha (D:2)
  An ooze (D:1)
  A dart slug (D:1)
  A leopard gecko (D:2)
  2 giant cockroaches
  A goblin (D:1)
  3 hobgoblins
  2 kobolds (D:1)
  A bat (D:1)
  A frilled lizard (D:1)
  8 rats (D:1)
22 creatures vanquished.

Notes
Turn   | Place    | Note
-------+----------+-------------------------------------------
     0 | D:1      | robba the Troll Earth Elementalist began the quest for the Orb.
     0 | D:1      | Reached XP level 1. HP: 16/16 MP: 1/1
   196 | D:1      | Reached skill level 3 in Earth Magic
   294 | D:1      | Reached XP level 2. HP: 24/24 MP: 0/2
  1077 | D:2      | Noticed Natasha
  1090 | D:2      | Noticed a crimson imp
  1090 | D:2      | Killed Natasha
  1090 | D:2      | Reached skill level 1 in Unarmed Combat
  1090 | D:2      | Reached XP level 3. HP: 28/31 MP: 0/4
  1153 | D:2      | Learned a level 3 spell: Stone Arrow
  1165 | D:2      | Noticed Natasha
  1196 | D:2      | Slain by Natasha

Skill      XL: |  1  2 |
---------------+-------+-----
Earth Magic    | 3 |  3.3
Dodging        | 2 |  2.0
Unarmed Combat | 1 |  1.1
Stealth        | |  1.1
Spellcasting   | |  1.5
Transmutations | |  0.6

Action                   || total
-------------------------++-------
Melee: Unarmed           ||    50
 Cast: Sandblast         ||    19
  Use: Scroll            ||     2
       Potion            ||     1
 Stab: Sleeping          ||     1
  Eat: Chunk             ||    14
Armor: Robe              ||    21
       Skin              ||    26
Dodge: Dodged            ||    39
